[Event "Khanty-Mansiysk FIDE GP (Women)"]
[Site "Khanty-Mansiysk"]
[Date "2014.04.16"]
[Round "7"]
[White "Muzychuk, Anna"]
[Black "Zhao, Xue"]
[Result "1-0"]
[ECO "C50"]
[WhiteElo "2560"]
[BlackElo "2552"]
[Annotator "ChessBase Website"]
[PlyCount "69"]
[EventDate "2014.04.09"]
[EventType "tourn"]
[EventRounds "11"]
[EventCountry "RUS"]
[EventCategory "10"]
[SourceTitle "CBM 160"]
[Source "ChessBase"]
[SourceDate "2014.05.15"]
[SourceVersion "1"]
[SourceVersionDate "2014.05.15"]
[SourceQuality "1"]
[TimeControl "40/5400+30:1800+30"]
[WhiteClock "1:30:00"]
[BlackClock "1:30:00"]

1. e4 e5 2. Nf3 Nc6 3. Bc4 Bc5 4. O-O Nf6 5. d3 O-O 6.
Nbd2 (6. h3 d6 7. c3 a6 8. Bb3 h6 9. Be3 Bxe3 10. fxe3 Na5 11.
Bc2 c5 12. Nbd2 b5 13. Qe1 Rb8 14. Qg3 Nh5 15. Qf2 Nf6 16. Qg3 Nh5 17. Qh2 Qe7
18. Rf2 Bd7 19. g4 Nf6 20. Raf1 Nh7 21. Qg3 g6 22. Nh4 c4 23. d4 b4 24. Ndf3 b3
25. axb3 cxb3 26. Bd3 Bb5 27. Bxb5 axb5 28. dxe5 Nc4 29. exd6 Nxd6 30. Qe5 Qxe5
31. Nxe5 Ng5 32. Rh2 Rb7 33. Nc6 Nc4 34. Nd4 b4 35. Rc1 Ra8 {Harikrishna,P 
(2706)-Giri,A (2734) Wijk aan Zee 2014 0-1 (71)}) 6... a6 7.
c3 Ba7 8. h3 d5 9. exd5 Nxd5 10. Ne4 Bf5 11. Re1 b5 $146 (11...
Re8 12. Bg5 Qd7 13. Qd2 Be6 14. Rad1 f6 15. Bh4 Rad8 16. Qc1 Rf8 17. d4 exd4
18. cxd4 Bf7 19. Bg3 Qc8 20. Bxa6 Ndb4 21. Bc4 Nxd4 22. Nxd4 Bxd4 23. Bd6 cxd6
24. Bxf7+ Rxf7 25. Rxd4 Nc2 26. Nxd6 Qc6 27. Rc4 Qxd6 28. Rxc2 h6 29. Rce2 Rc7
30. Qb1 Qd5 31. Qg6 Rf8 32. Re8 Rcf7 33. a4 Qd4 34. Qc2 Qd7 35. R8e3 Kh8 36. b4
Qd6 37. b5 Rc7 38. Qg6 Qb4 39. Re8 Rc8 40. R8e7 Rg8 41. Qe4 {Rodriguez Vila,A 
(2504)-Roselli Mailhe,B (2428) Mar del Plata 2001 1/2-1/2 (62)}) 12. Bb3 Bg6 13. Bg5 f6 14. Be3 Kh8 15. Bxa7 Rxa7 16. d4 $14 {[%emt 0:02:54][%csl Ra7] Zhao Xue certainly
did not equalize from the opening, and once Muzychuk broke the center open
with d4 it was clear that too many of the Chinese player's pieces were
misplaced. the game.} Nf4 17. dxe5 Nd3 18. exf6 {[%emt 0:05:38] An obvious and simple exchange
sacrifice, which on top of that gave the Slovenian player two pawns, ripped
apart Black's king shelter and from then on it was easy for Muzycuhk to win}
Nxe1 19. fxg7+ Kxg7 20. Qxe1 Qe7 21. Nfg5 Rf5 $2 22. f4 Kh8 23. Qh4 Rf8 24. Re1 Nd8 25.
Qf2 Ra8 26. Nc5 Qd6 27. g3 h6 28. Nge6 Rf6 29. Rd1 Qxd1+ 30. Bxd1 Nxe6 31. Nxe6 Re8 32. Nc5 Rd6 33. Bc2 Red8 34. f5 Rd2 35.
Qf4 1-0